 Dungeon Crawl Stone Soup version 0.29.0-11-gd7f09526c8 (webtiles) character file.

Game seed: 7719604482362098536

138606 Armakuni the Impaler (level 17, -15/128 HPs)
             Began as a Merfolk Earth Elementalist on Sept 3, 2022.
             Was a Believer of Elyvilon.
             Killed from afar by a salamander tyrant (37 damage)
             ... on level 4 of the Snake Pit.
             The game lasted 01:48:54 (38605 turns).

Armakuni the Impaler (Merfolk Earth Elementalist)  Turns: 38605, Time: 01:48:54

Health: -15/128    AC: 19    Str: 16    XL:     17   Next: 26%
Magic:  26/26      EV: 14    Int: 14    God:    Elyvilon [**....]
Gold:   564        SH: 21    Dex: 15    Spells: 10/20 levels left

rFire   . . .      SeeInvis .   a - +9 trident (elec)
rCold   . . .      Faith    .   T - +3 kite shield {reflect}
rNeg    . . .      Spirit   .   O - +1 chain mail {rPois}
rPois   +          Reflect  +   I - +2 hat {Will+}
rElec   .          Harm     .   K - scarf {shadows}
rCorr   .          Rampage  .   C - +0 pair of gloves
Will    ++...                   Y - +2 pair of boots {Stlth+}
Stlth   ..........              H - amulet of reflection
HPRegen 0.31/turn               P - ring of poison resistance
MPRegen 0.20/turn               E - +4 ring of evasion

@: mighty, weakened, studying Invocations
A: (nimble swimmer 2), mertail
a: Renounce Religion, Purification, Heal Other


You were on level 4 of the Snake Pit.
You worshipped Elyvilon.
Elyvilon was pleased with you.
You visited 6 branches of the dungeon, and saw 28 of its levels.
You also visited: Ossuary.

You collected 3276 gold pieces.
You spent 2712 gold pieces at shops.

Inventory:

Hand Weapons
 a - a +9 trident of electrocution (weapon)
Missiles
 z - 10 javelins
 B - 23 boomerangs (quivered)
 G - 2 curare-tipped darts
Armour
 g - +0 fire dragon scales
 C - a +0 pair of gloves (worn)
 I - a +2 hat of willpower (worn)
 K - a scarf of shadows (worn)
 O - a +1 chain mail of poison resistance (worn)
 T - a +3 kite shield of reflection (worn)
 Y - a +2 pair of boots of stealth (worn)
Jewellery
 E - a +4 ring of evasion (right hand)
 H - an amulet of reflection (around neck)
 J - a ring of ice
 P - a ring of poison resistance (left hand)
Wands
 c - a wand of charming (3)
 k - a wand of digging (10)
 p - a wand of polymorph (34)
 r - a wand of roots (22)
 v - a wand of flame (35)
 N - a wand of light (11)
Scrolls
 b - 3 scrolls of magic mapping
 q - 4 scrolls of fear
 s - 9 scrolls of teleportation
 w - 5 scrolls of vulnerability
 D - a scroll of immolation
 F - 3 scrolls of poison
 L - 4 scrolls of blinking
 M - a scroll of noise
 Q - 3 scrolls of silence
 S - 2 scrolls of butterflies
 U - 5 scrolls of brand weapon
 W - a scroll of amnesia
 Z - 2 scrolls of summoning
Potions
 d - 3 potions of might
 h - 3 potions of haste
 i - a potion of magic
 j - 3 potions of ambrosia
 n - 7 potions of resistance
 o - 11 potions of curing
 x - 3 potions of heal wounds
 y - 5 potions of brilliance
 A - 3 potions of lignification
 R - 5 potions of flight
 V - 2 potions of cancellation
 X - 6 potions of mutation
Miscellaneous
 f - a phial of floods
 l - a lightning rod (1/4)
 m - a phantom mirror (inert)
 t - a tin of tremorstones (inert)


   Skills:
 - Level 10.0 Fighting
 - Level 18.7 Polearms
 - Level 13.0 Throwing
 - Level 10.0 Armour
 - Level 10.0 Dodging
 - Level 2.1 Stealth
 + Level 13.5 Shields
 - Level 2.0 Spellcasting
 - Level 10.0 Transmutations
 - Level 2.4 Earth Magic
 - Level 13.0 Invocations
 - Level 3.0 Evocations


You had 10 spell levels left.
You knew the following spells:

 Your Spells              Type           Power      Damage    Failure   Level
o - Ozocubu's Armour      Ice            1%         N/A       100%        3
p - Portal Projectile     Hex/Tloc       2%         N/A       100%        3
w - Wereblood             Tmut           29%        N/A       12%         2
W - Passwall              Tmut/Erth      15%        N/A       50%         2

Your spell library contained the following spells:

 Spells                   Type           Power      Damage    Failure   Level
 Beastly Appendage        Tmut           58%        N/A       8%          1
 Sandblast                Erth           16%        2d6       88%         1
 Spider Form              Tmut/Pois      15%        N/A       88%         3
 Blade Hands              Tmut           14%        N/A       91%         5
 Ignite Poison            Fire/Tmut/Pois 10%        N/A       98%         3
 Petrify                  Tmut/Erth      18%        N/A       98%         4
 Magic Dart               Conj           4%         1d3       99%         1
 Shock                    Conj/Air       4%         1d3       99%         1
 Call Imp                 Summ           1%         N/A       100%        2
 Sublimation of Blood     Necr           1%         N/A       100%        2
 Conjure Flame            Conj/Fire      1%         6-21      100%        3
 Gell's Gravitas          Tloc           1%         N/A       100%        3
 Mephitic Cloud           Conj/Pois/Air  1%         N/A       100%        3
 Stone Arrow              Conj/Erth      8%         3d7       100%        3
 Swiftness                Air            1%         N/A       100%        3
 Teleport Other           Tloc           1%         N/A       100%        3
 Tukima's Dance           Hex            1%         N/A       100%        3
 Airstrike                Air            0%         2d(1-17)  100%        4
 Animate Armour           Summ/Erth      8%         N/A       100%        4
 Leda's Liquefaction      Hex/Erth       2%         N/A       100%        4
 Olgreb's Toxic Radiance  Pois           1%         N/A       100%        4
 Passage of Golubria      Tloc           1%         N/A       100%        4
 Sticky Flame             Conj/Fire      1%         2d3       100%        4
 Freezing Cloud           Conj/Ice/Air   0%         6-21      100%        5
 Iskenderun's Battlesphe  Conj           1%         2d6       100%        5
 Lee's Rapid Deconstruct  Erth           4%         3d6*      100%        5
 Summon Forest            Summ/Tloc      0%         N/A       100%        5
 Summon Mana Viper        Hex/Summ       1%         N/A       100%        5
 Yara's Violent Unravell  Hex/Tmut       7%         3d5       100%        5
 Dispersal                Tloc           0%         N/A       100%        6
 Iron Shot                Conj/Erth      2%         9d2       100%        6
 Statue Form              Tmut/Erth      12%        N/A       100%        6
 Summon Cactus Giant      Summ           0%         N/A       100%        6
 Ozocubu's Refrigeration  Ice            0%         4d7       100%        7
 Spellforged Servitor     Conj/Summ      0%         N/A       100%        7
 Summon Hydra             Summ           0%         N/A       100%        7
 Ignition                 Fire           0%         3d3       100%        8
 Lehudib's Crystal Spear  Conj/Erth      2%         10d2      100%        8


Dungeon Overview and Level Annotations

Branches:
Dungeon (15/15)            Temple (1/1) D:6            Lair (5/5) D:11
  Swamp (1/4) Lair:3        Snake (4/4) Lair:3        Slime (0/5) Lair:4
    Orc (2/2) D:12            Elf (0/3) Orc:2        Vaults (0/5) D:14
 Depths (0/4) D:15        Ossuary (visited)

Altars:
Ashenzari
Cheibriados
Dithmenos
Elyvilon
Fedhas
Gozag
Hepliaklqana
Kikubaaqudgha
Makhleb
Nemelex Xobeh
Okawaru
Qazlal
Ru
Sif Muna
Trog
Uskayaw
Vehumet
Wu Jian
Xom
Yredelemnul
Zin
The Shining One
Jiyva

Shops:
D:3 (   D:4 :   D:12 !(   D:15 [   Orc:2 :**([*   Snake:4 :*=[(

Annotations:
Snake:4 Vashnia


Innate Abilities, Weirdness & Mutations

((You are very nimble when in or above water. (Stealth+, EV+, Speed+++)))
Your lower body shifts to a powerful aquatic tail in water.


Message History

You feel invigorated.
The salamander unwields a +0 shortbow of flaming.
It stops flaming.
The salamander hits you!
You are engulfed in flames!
You puncture Vashnia!
Flame seeps out of Vashnia.
Vashnia is moderately wounded.
A salamander tyrant comes into view.
You feel better.
You feel less invigorated.
Vashnia is engulfed in blazing flames.
Flame seeps out of Vashnia.
Vashnia shoots an arrow.
The arrow hits you.
The salamander tyrant gazes fiercely through you!
You feel your attacks grow feeble.
Aiming: Charm
Press: ? - help, Shift-Dir - straight line, f - salamander tyrant, p - Vashnia
Aim: a salamander tyrant (chance to affect: 23%)
Okay, then.
Okay, then.
Unknown command.
You feel very mighty all of a sudden. You block the naga warrior's attack.
Vashnia is engulfed in blazing flames.
Flame seeps out of Vashnia.
Vashnia shoots an arrow.
The arrow hits you!!
You block the salamander tyrant's attack.
You hit Vashnia.
Flame seeps out of Vashnia.
Vashnia is moderately wounded.
You block the naga warrior's attack.
Vashnia is engulfed in blazing flames.
Flame seeps out of Vashnia.
Vashnia shoots an arrow.
You reflect the arrow off your +3 kite shield of reflection!
The arrow misses Vashnia.
The arrow hits the salamander!!!
You puncture Vashnia!
Flame seeps out of Vashnia.
Lightning courses through Vashnia!!
Flame seeps out of Vashnia.
Vashnia is heavily wounded.
The salamander tyrant calls gouts of flame from the lava!
The flame surge hits you!!!
* * * LOW HITPOINT WARNING * * *
You block the naga warrior's attack.
Blink to where?
Press: ? - help, Dir - move target, p - Vashnia
As you read the scroll of blinking, it crumbles to dust.
The salamander tyrant rends the earth beneath you!
The blast of magma engulfs you!!!
You die...

~~*,*,*,* #.###)###†#...####....
~~*#..,** ######.)##.#...........
~~~#.#.#*##...###).#.#..........#
~~##....##§###.###......#####...#
~##.....##..§..###.##...# #...#
*#......#..§.§§§#...#...# #####
*≈≈§....'.≈≈≈≈≈.'....####
*≈≈§....#.≈≈§§§§'≈.#.#*
*≈≈....N'§≈N§≈≈.@≈.#..#*
*#....NN#.N.....#≈.##..#* ##
~##....)##.....###.#*#..# #.
~~##.)).##.###.###.# *#.## #.
~~~#.#.####...###..####..#######.
~~*#NNN**.#####................).
~~*.#N#,*.# #..#...##....#######
**#*..,##.# ##.##...##.#...##
***,,,#..###).###.....#....#####


You could see Vashnia (inner flame) and a salamander tyrant.

Vanquished Creatures
  An orc warlord (Orc:2)
  A stone giant (D:15)
  An ettin (D:12)
  Josephine (Snake:1)
  Harold (Lair:1)
  A fire dragon (Lair:5)
  4 salamander tyrants
  The ghost of HilariousDeathArtist the Fighter, a journeyman VSBe of Trog (D:13)
  5 hydras
  An ogre mage (D:14)
  3 boulder beetles
  2 catoblepae
  4 centaur warriors
  9 anacondas
  Erica (D:8)
  10 naga warriors
  4 two-headed ogres
  8 death yaks
  An alligator (Lair:3)
  2 orc high priests (Orc:2)
  A tengu warrior (D:15)
  2 shock serpents
  8 naga sharpshooters
  Nergalle (Lair:3)
  10 skeletal warriors
  5 salamander mystics (Snake:3)
  2 sea snakes (Snake:4)
  A deep troll (shapeshifter) (D:14)
  2 deep trolls
  6 naga ritualists
  2 wizards
  3 lindwurms
  5 mana vipers
  The ghost of Grimalkyne the Fighter, a novice DjHW of Makhleb (D:6)
  5 orc knights
  8 slime creatures
  2 orc sorcerers (Orc:2)
  3 deep elf zephyrmancers
  3 cyclopes
  2 manticores
  15 salamanders
  15 naga magi
  26 black mambas
  3 centaur skeletons (D:14)
  A gargoyle (D:12)
  5 torpor snails (Lair:5)
  6 cane toads
  Maggie (D:8)
  3 komodo dragons
  3 freezing wraiths (D:13)
  4 kobold demonologists
  A tengu conjurer (D:15)
  2 efreet (D:13)
  A queen bee (Lair:4)
  6 trolls
  A polar bear (Lair:5)
  6 meliai
  3 tyrant leeches (Lair:5)
  7 hornets
  12 blink frogs (Lair:4)
  A dream sheep (Lair:5)
  32 yaks
  A centaur simulacrum (D:14)
  A shadow (D:9)
  3 wyverns
  3 vampires
  7 wraiths
  A fire bat (D:13)
  A steam dragon (D:6)
  5 basilisks
  3 wargs (Orc:2)
  41 nagas
  6 vampire mosquitoes
  A swamp worm (Lair:3)
  16 water moccasins
  30 orc warriors
  A swamp drake (D:10)
  An ice beast (D:6)
  2 sky beasts
  3 black bears
  8 ogres
  14 centaurs
  3 phantoms
  7 kobold brigands
  9 bullfrogs
  2 necrophages
  A gnoll sergeant (D:9)
  7 scorpions
  9 wights
  4 troll zombies (D:12)
  17 killer bees
  5 howler monkeys
  4 crimson imps
  13 orc priests
  3 hounds
  5 gnoll boudas
  4 jellies
  An iron imp (D:10)
  An iguana (Orc:1)
  28 orc wizards
  A boggart skeleton (D:14)
  4 ogre zombies (D:12)
  A boggart simulacrum (D:14)
  13 mummies (Ossuary)
  Robin (D:1)
  29 gnolls
  6 adders
  2 river rats (D:6)
  2 shadow imps
  14 white imps
  3 worms
  2 dart slugs
  64 orcs
  10 endoplasms
  5 giant cockroaches
  20 goblins
  12 hobgoblins
  13 kobolds
  4 quokkas
  6 ball pythons
  7 bats
  3 frilled lizards
  2 gnoll skeletons (Ossuary)
  3 hobgoblin skeletons (D:12)
  3 hobgoblin zombies (D:12)
  3 kobold skeletons (Ossuary)
  9 orc skeletons
  13 orc zombies (D:12)
  6 rats
  11 rat skeletons (Ossuary)
  A butterfly (Lair:5)
831 creatures vanquished.

Vanquished Creatures (collateral kills)
  A two-headed ogre (D:12)
  A death knight (D:14)
  A salamander mystic (Snake:4)
  A lindwurm (Lair:5)
  A phantasmal warrior (D:14)
  An ugly thing (D:8)
  A torpor snail (Lair:5)
  A naga mage (Snake:4)
  A cane toad (Lair:5)
  A freezing wraith (D:14)
  2 rime drakes (Lair:5)
  A slime creature (D:12)
  A wraith (D:14)
  A shadow (D:11)
  A naga (Snake:4)
  A gnoll sergeant (D:6)
  An orc priest (D:11)
18 creatures vanquished.

Vanquished Creatures (others)
  2 death yaks (Lair:4)
  A naga warrior (Snake:4)
  2 shock serpents
  A sea snake (Snake:4)
  A naga ritualist (Snake:4)
  A salamander (Snake:2)
  2 manticores (Lair:5)
  A guardian serpent (Snake:4)
  A black mamba (Snake:4)
  A naga mage (Snake:4)
  A tyrant leech (Lair:5)
  A naga (Snake:2)
  An acid dragon (D:11)
  An ogre (D:5)
  A gnoll sergeant (D:6)
  An orc wizard (D:11)
  24 fungi
  121 plants
164 creatures vanquished.

Grand Total: 1013 creatures vanquished

Notes
Turn   | Place    | Note
-------+----------+-------------------------------------------
     0 | D:1      | Armakuni the Merfolk Earth Elementalist began the quest for
                  | the Orb.
     0 | D:1      | Reached XP level 1. HP: 13/13 MP: 3/3
    21 | D:1      | Reached skill level 1 in Fighting
   140 | D:1      | Reached XP level 2. HP: 15/22 MP: 5/5
   899 | D:1      | Reached skill level 1 in Polearms
   916 | D:1      | Reached XP level 3. HP: 25/28 MP: 6/6
  1075 | D:1      | Reached skill level 2 in Polearms
  1436 | D:2      | Noticed Robin
  1536 | D:1      | Killed Robin
  1537 | D:1      | Reached skill level 3 in Polearms
  1537 | D:1      | Reached XP level 4. HP: 25/34 MP: 1/7
  1712 | D:2      | Reached skill level 4 in Polearms
  1975 | D:2      | Found a blossoming altar of Fedhas.
  2111 | D:3      | Reached XP level 5. HP: 37/39 MP: 8/8
  2144 | D:3      | Reached skill level 5 in Polearms
  2270 | D:3      | Found Hufahose's Antique Weapon Boutique.
  2578 | D:3      | Reached skill level 6 in Polearms
  2953 | D:4      | Noticed a phantom
  2977 | D:3      | Killed a phantom
  2978 | D:3      | Reached skill level 7 in Polearms
  2978 | D:3      | Reached XP level 6. HP: 40/46 MP: 9/9
  3092 | D:4      | Found Hoqiton's Book Shoppe.
  3149 | D:4      | Found a sand-covered staircase.
  3161 | Ossuary  | Entered an ossuary
  3586 | Ossuary  | Reached skill level 8 in Polearms
  3898 | Ossuary  | Reached XP level 7. HP: 51/51 MP: 10/10
  4258 | D:4      | Reached skill level 9 in Polearms
  4608 | D:4      | Reached skill level 10 in Polearms
  4782 | D:5      | Entered Level 5 of the Dungeon
  4910 | D:5      | Reached XP level 8. HP: 57/57 MP: 11/11
  4940 | D:5      | Reached skill level 11 in Polearms
  5331 | D:5      | Reached skill level 12 in Polearms
  5664 | D:6      | Found a transporter.
  5665 | D:6      | Found a transporter.
  5666 | D:6      | Identified the +1 ring mail of the Game of Life {Harm *Slow
                  | +Inv MP+9}
  5666 | D:6      | Identified the +2 buckler "Lomul" {rF++ rN+ Int-5}
  5680 | D:6      | Noticed Grimalkyne's ghost (novice DjHW)
  5765 | D:6      | Reached skill level 1 in Evocations
  5775 | D:6      | Learned a level 3 spell: Ozocubu's Armour
  6033 | D:6      | Found a staircase to the Ecumenical Temple.
  6040 | Temple   | Entered the Ecumenical Temple
  6269 | Temple   | Became a worshipper of Elyvilon the Healer
  6953 | D:6      | Reached skill level 5 in Fighting
  7028 | D:6      | Reached * piety under Elyvilon
  7173 | D:6      | Found a stormy altar of Qazlal.
  7344 | D:6      | Reached skill level 1 in Invocations
  7344 | D:6      | Reached XP level 9. HP: 55/68 MP: 8/12
  7370 | D:6      | Killed Grimalkyne's ghost
  7371 | D:6      | Reached skill level 13 in Polearms
  7634 | D:7      | Reached skill level 1 in Shields
  7770 | D:7      | Identified the +2 dagger "Fitoazxe" {freeze, rElec Dex+4}
  7976 | D:7      | Reached skill level 14 in Polearms
  8064 | D:7      | Reached skill level 1 in Throwing
  8308 | D:8      | Noticed Maggie
  8308 | D:8      | Found a radiant altar of Vehumet.
  8320 | D:8      | Killed Maggie
  8321 | D:8      | Reached skill level 5 in Throwing
  8321 | D:8      | Reached XP level 10. HP: 52/74 MP: 13/13
  8500 | D:8      | Reached ** piety under Elyvilon
  8507 | D:8      | Paralysed by a hornet for 3 turns
  8528 | D:8      | Noticed Erica
  9208 | D:8      | Killed Erica
  9209 | D:8      | Reached skill level 10 in Throwing
  9288 | D:8      | Found a basalt altar of Yredelemnul.
  9515 | D:8      | Noticed a green ugly thing
  9533 | D:8      | Killed a green ugly thing
  9966 | D:9      | Found a snail-covered altar of Cheibriados.
  9975 | D:9      | Noticed a kobold demonologist
  9978 | D:9      | Killed a kobold demonologist
 10286 | D:9      | Reached XP level 11. HP: 64/79 MP: 14/14
 10530 | D:9      | Reached skill level 5 in Invocations
 11020 | D:10     | Entered Level 10 of the Dungeon
 11241 | D:10     | Found a hide-covered altar of Uskayaw.
 11366 | D:10     | Reached *** piety under Elyvilon
 11724 | D:10     | Learned a level 2 spell: Wereblood
 11728 | D:10     | Found an iron altar of Okawaru.
 12007 | D:10     | Noticed a deep elf zephyrmancer
 12011 | D:10     | Killed a deep elf zephyrmancer
 12192 | D:10     | Noticed a deep elf zephyrmancer
 12195 | D:10     | Killed a deep elf zephyrmancer
 12270 | D:10     | Found a glowing silver altar of Zin.
 12452 | D:11     | Noticed a two-headed ogre
 12462 | D:11     | Killed a two-headed ogre
 12629 | D:11     | Reached skill level 5 in Transmutations
 12656 | D:11     | Noticed a cyclops
 12678 | D:11     | Killed a cyclops
 12710 | D:11     | Found a glowing golden altar of the Shining One.
 12743 | D:11     | Noticed a two-headed ogre
 12754 | D:11     | Killed a two-headed ogre
 12913 | D:11     | Found a staircase to the Lair.
 13028 | D:11     | Noticed a skeletal warrior
 13044 | D:11     | Killed a skeletal warrior
 13069 | D:11     | Noticed a skeletal warrior
 13095 | D:11     | Killed a skeletal warrior
 13096 | D:11     | Reached XP level 12. HP: 62/86 MP: 3/19
 13548 | Lair:1   | Entered Level 1 of the Lair of Beasts
 13629 | Lair:1   | Reached skill level 10 in Invocations
 13645 | Lair:1   | Noticed Harold
 14165 | Lair:1   | Reached **** piety under Elyvilon
 14382 | Lair:1   | Killed Harold
 14859 | Lair:2   | Noticed a five-headed hydra
 14859 | Lair:2   | Noticed a four-headed hydra
 14865 | Lair:2   | Pacified a four-headed hydra
 14871 | Lair:2   | Killed a five-headed hydra
 14872 | Lair:2   | Reached skill level 10 in Transmutations
 15017 | Lair:2   | Reached ***** piety under Elyvilon
 16064 | Lair:3   | Found a staircase to the Snake Pit.
 16409 | Lair:3   | Identified the +1 mace of Tihegredd {freeze, +Blink rC-
                  | Str+3 Int+3}
 16428 | Lair:3   | Found a staircase to the Swamp.
 16442 | Lair:3   | Noticed Nergalle
 16458 | Lair:3   | Killed Nergalle
 16568 | Lair:3   | Reached skill level 10 in Fighting
 17093 | Lair:4   | Reached XP level 13. HP: 97/103 MP: 18/20
 17184 | Lair:4   | Found a staircase to the Slime Pits.
 17185 | Lair:4   | Found a viscous altar of Jiyva.
 17187 | Lair:4   | Reached skill level 5 in Dodging
 17962 | Lair:4   | Reached skill level 10 in Dodging
 18124 | Lair:4   | Reached skill level 1 in Armour
 19084 | D:12     | Found a staircase to the Orcish Mines.
 19274 | D:12     | Noticed an ettin
 19304 | D:12     | Killed an ettin
 19646 | D:12     | Reached skill level 5 in Armour
 19969 | D:12     | Found Kaug's Distillery.
 19978 | D:12     | Bought a potion of mutation for 96 gold pieces
 19978 | D:12     | Bought a potion of might for 48 gold pieces
 19978 | D:12     | Bought a potion of berserk rage for 60 gold pieces
 20136 | D:12     | Found Wyithro's Weapon Boutique.
 20270 | Orc:1    | Entered Level 1 of the Orcish Mines
 20272 | Orc:1    | Found a bloodstained altar of Trog.
 20727 | Orc:2    | Entered Level 2 of the Orcish Mines
 20813 | Orc:2    | Found Wuup's General Store.
 21054 | Orc:2    | Reached XP level 14. HP: 110/110 MP: 21/21
 21066 | Orc:2    | Bought a wand of digging (2) for 92 gold pieces
 21159 | Orc:2    | Noticed an orc warlord
 21182 | Orc:2    | Killed an orc warlord
 21345 | Orc:2    | Found Kegeenori's Antique Weapon Emporium.
 21458 | Orc:2    | Found Naluity's Antique Armour Shop.
 21471 | Orc:2    | Bought a glowing scarf for 240 gold pieces
 21958 | Orc:2    | Found a staircase to the Elven Halls.
 21960 | Orc:2    | Found Reedyeb's General Store.
 21963 | Orc:2    | Found Bidghaukk's Specific Store.
 21993 | Orc:2    | Found Dapsajic's Book Shop.
 22457 | Orc:2    | Bought a runed scale mail for 210 gold pieces
 22970 | D:13     | Found a runed translucent gate.
 22970 | D:13     | Found a runed translucent gate.
 22970 | D:13     | Found a runed translucent gate.
 23601 | D:13     | Noticed Sonja
 23617 | D:13     | Noticed Sonja
 23617 | D:13     | Sonja changed into Sonja the fire bat
 23624 | D:13     | Killed Sonja the fire bat
 23919 | D:13     | Noticed HilariousDeathArtist's ghost (journeyman VSBe)
 23950 | D:13     | Killed HilariousDeathArtist's ghost
 23975 | D:13     | Identified the +5 chain mail "Asidgh" {rF+}
 24213 | D:14     | You fall into a shaft and drop 1 floor!
 24213 | D:15     | Entered Level 15 of the Dungeon
 24282 | D:15     | Found a hide-covered altar of Uskayaw.
 24606 | D:15     | Reached skill level 10 in Armour
 24807 | D:15     | Found Ocvyoq's Antique Armour Emporium.
 24814 | D:15     | Bought a glowing scale mail for 294 gold pieces
 24993 | D:14     | Reached skill level 5 in Shields
 25800 | D:14     | Identified the +7 longbow of the Painted God {freeze, rC+
                  | Stlth+}
 25812 | D:14     | Reached XP level 15. HP: 109/115 MP: 20/22
 26021 | D:14     | Found a gate to the Vaults.
 26329 | D:14     | Reached skill level 15 in Polearms
 26554 | D:15     | Found a staircase to the Depths.
 26913 | D:15     | Found a shimmering altar of Xom.
 27544 | Lair:5   | Entered Level 5 of the Lair of Beasts
 27610 | Lair:5   | Found a runed translucent door.
 27637 | Lair:5   | Reached skill level 16 in Polearms
 28828 | Lair:5   | Reached skill level 17 in Polearms
 29595 | Lair:5   | Reached skill level 18 in Polearms
 29954 | Swamp:1  | Entered Level 1 of the Swamp
 30243 | Snake:1  | Entered Level 1 of the Snake Pit
 31417 | Snake:1  | Learned a level 2 spell: Passwall
 31752 | Snake:1  | Noticed Josephine
 31754 | Snake:1  | Reached XP level 16. HP: 122/122 MP: 21/23
 31764 | Snake:1  | Killed Josephine
 33336 | Snake:2  | Found a snail-covered altar of Cheibriados.
 35094 | Snake:3  | Reached skill level 10 in Shields
 36129 | Snake:4  | Entered Level 4 of the Snake Pit
 36129 | Snake:4  | Found Qeussiadd's Vocational Training.
 36154 | Snake:4  | Learned a level 3 spell: Portal Projectile
 36158 | Snake:4  | Bought a manual of Invocations for 1440 gold pieces
 36191 | Snake:4  | Found Isuny's Jewellery Shop.
 36439 | Snake:4  | Found Evor's Weapon Shop.
 36498 | Snake:4  | Found Zire's Antique Armour Emporium.
 36506 | Snake:4  | Bought a pair of glowing boots for 232 gold pieces
 37398 | Snake:4  | Found Qateril's General Store.
 37724 | Snake:4  | Reached XP level 17. HP: 128/128 MP: 26/26
 38578 | Snake:4  | Noticed Vashnia
 38605 | Snake:4  | Killed from afar by a salamander tyrant

Illustrated notes

Levels and vault maps discovered:
D:1:      roderic_crop_circles_arrival_small, layout_basic, nicolae_wormholes
D:2:      layout_rooms, basic_altar, uniq_robin
D:3:      layout_basic, serial_shops, shop, hangedman_decor_points
D:4:      layout_basic, nicolae_ossuary_entry_ruins, serial_shops,
          shop_fountains
D:5:      layout_basic, serial_glass, glass_columns_a, glass_columns_a
D:6:      layout_layer_cave, lemuel_tele_altar, minmay_temple_entry_mini_moons,
          gup_sewer_entry_spiral, gammafunk_ghost_gnarly_gnolls
D:7:      layout_basic
D:8:      kennysheep_blocky_room, layout_rooms, fiery_altar_vehumet,
          mainiacjoe_overflow_six_doors_small,
          eino_small_chamber_without_monster, uniq_maggie, uniq_erica
D:9:      layout_roguey, nicolae_overflow_crystal_walls
D:10:     layout_irregular_city, mainiacjoe_overflow_concentric_impassable,
          kennysheep_little_box, mainiacjoe_overflow_alcove_1, serial_glass,
          glass_columns_a, glass_columns_a, glass_columns_c, glass_columns_c,
          glass_columns_a, glass_columns_c, glass_columns_a, glass_columns_c,
          glass_columns_a, glass_columns_b, glass_columns_a, glass_columns_a,
          glass_columns_c, glass_columns_a, hangedman_minor_magic
D:11:     layout_roguey, lair_entry_dummy, portal_ice_cave_entry_imps,
          nicolae_tso_swordbearing_angel
D:12:     layout_loops_ring, zombieorc2_lemuel, serial_shops,
          nicolae_lakefront_shop, nicolae_shop_waterfront, kennysheep_four_rooms
D:13:     layout_long_grid, gammafunk_ghost_spectres, kennysheep_flooded_box,
          uniq_sonja
D:14:     layout_basic, hangedman_vaults_entry_quadrant_bands,
          gauntlet_entry_generic, minmay_misc_feat_nine_boxes
D:15:     hangedman_depths_entry_civil_slaughter, layout_irregular_city,
          nicolae_uskayaw_dance_hall, serial_shops, nicolae_shop_waterfront,
          hangedman_decor_riveting, led_xom_imps
Temple:   regret_index_temple_generic_petals
Lair:1:   layout_long_grid, chequers_serial_rivers_large_b,
          serial_bayou_shore_a, uniq_harold
Lair:2:   gammafunk_indiana_jones, layout_cave_pods, lemuel_fruit_tree
Lair:3:   layout_concentric_octagons, swamp_mist,
          minmay_snake_entry_guardpost_large, minivault_27, uniq_nergalle
Lair:4:   layout_loops_ring, nicolae_slime_entry_slimehenge, special_room
          [special_room_bee]
Lair:5:   hangedman_lair_in_review, layout_small_grid, wormcave,
          lemuel_fruit_fields, serial_bayou_shore_b
Swamp:1:  layout_basic_swamp, nicolae_swamp_trees_clearing, swamp_pool1,
          infiniplex_staircase_pool
Snake:1:  layout_onion_interference, uniq_josephine
Snake:2:  nicolae_snake_nest, layout_onion_interference, basic_altar
Snake:3:  layout_chambers, grunt_ministairs_13, nicolae_snake_magic_snake_eye
Snake:4:  grunt_snake_rune_pools, layout_misc_corridors, serial_shops, shop,
          shop, nicolae_lakefront_shop, shop, serial_bayou_lagoon_a,
          nicolae_shop_vocational, uniq_vashnia
Orc:1:    layout_caves, trog_butcher_becter
Orc:2:    grunt_orc_gardens, layout_diamond_mine, grunt_orc_garden,
          grunt_orc_garden, grunt_orc_garden, grunt_orc_garden,
          nicolae_specific_store, mines2_david

Skill      XL: |  1  2  3  4  5  6  7  8  9 10 11 12 13 14 15 16 17 |
---------------+----------------------------------------------------+-----
Fighting       | 1 2 5 10 | 10.0
Polearms       | 1 3 4 7 8 10 12 14 18 | 18.7
Evocations     | 3 |  3.0
Invocations    | 1 2 3 9 10 13 | 13.0
Shields        | 4 6 7 12 13 | 13.5
Throwing       | 5 13 | 13.0
Transmutations | 7 10 | 10.0
Dodging        | 4 10 | 10.0
Armour         | 6 10 | 10.0
Stealth        | |  2.1
Spellcasting   | |  2.0
Earth Magic    | |  2.4

Action                   |  1- 3 |  4- 6 |  7- 9 | 10-12 | 13-15 | 16-18 || total
-------------------------+-------+-------+-------+-------+-------+-------++-------
Melee: Club              |    19 |       |       |       |       |       ||    19
       Spear             |    89 |   390 |   455 |       |       |       ||   934
       Punch             |     1 |     8 |     9 |       |       |       ||    18
       Tailslap          |       |       |     2 |       |     1 |    14 ||    17
       Trident           |       |       |   152 |   808 |  1619 |   715 ||  3294
Throw: Dart              |    20 |     6 |     4 |    27 |    69 |     1 ||   127
       Javelin           |       |       |     3 |       |       |       ||     3
       Throwing net      |       |       |     1 |     7 |     2 |       ||    10
       Boomerang         |       |       |       |       |    21 |    16 ||    37
 Cast: Sandblast         |    18 |     2 |       |       |       |       ||    20
       Wereblood         |       |       |       |       |    29 |    35 ||    64
Invok: Purification      |       |       |     1 |     1 |     5 |     5 ||    12
       Heal Self         |       |       |       |     2 |    29 |    18 ||    49
       Heal Other        |       |       |       |     1 |     4 |     8 ||    13
Evoke: Wand              |       |       |     1 |     9 |    33 |    13 ||    56
       Phantom mirror    |       |       |       |       |     3 |     2 ||     5
       Phial of floods   |       |       |       |       |     1 |     1 ||     2
       Lightning rod     |       |       |       |       |       |    10 ||    10
       Tin of tremorston |       |       |       |       |       |     3 ||     3
  Use: Potion            |     2 |       |     3 |     1 |     7 |     5 ||    18
       Scroll            |       |    12 |    10 |    10 |     8 |     6 ||    46
 Stab: Sleeping          |     3 |     1 |       |     3 |     2 |       ||     9
       Invisible         |       |       |     7 |     3 |     6 |     1 ||    17
       Held in net/web   |       |       |       |     6 |     4 |       ||    10
       Distracted        |       |       |       |     1 |     1 |       ||     2
       Petrified         |       |       |       |       |     3 |       ||     3
Armor: Robe              |     9 |       |       |       |       |       ||     9
       Ring mail         |    40 |    96 |   156 |    97 |   229 |       ||   618
       Chain mail        |       |       |       |       |    31 |    90 ||   121
Dodge: Dodged            |    76 |   113 |   158 |   199 |   681 |   143 ||  1370
Block: Buckler           |       |       |    14 |   127 |   467 |   207 ||   815
       Reflection        |       |       |       |       |    18 |    58 ||    76
       Kite shield       |       |       |       |       |       |   145 ||   145
